 Dungeon Crawl Stone Soup version 0.26-a0-980-g0fe3eaa9ac (webtiles) character file.

Game seed: 13721891361262386748

10218 sahdkjhfkaj the Zephyrmancer (level 11, -4/86 HPs)
             Began as a Demigod Air Elementalist on Dec 5, 2020.
             Slain by a basilisk (12 damage)
             ... on level 1 of the Lair of Beasts.
             The game lasted 00:37:54 (16286 turns).

sahdkjhfkaj the Zephyrmancer (DgAE)                Turns: 16286, Time: 00:37:55

Health: -4/86      AC:  8    Str: 11    XL:     11   Next: 11%
Magic:  11/22      EV: 16    Int: 25    God:
Gold:   642        SH:  0    Dex: 22    Spells: 3/20 levels left

rFire    + . .     SeeInvis .   a - +0 dagger (venom)
rCold    . . .     Faith    .   (no shield)
rNeg     + . .     Spirit   .   J - +1 robe {rN+}
rPois    .         Reflect  .   f - +1 helmet
rElec    .         Harm     .   w - +0 cloak
rCorr    .         Rampage  .   m - +0 pair of gloves
MR       +....                  n - +0 pair of boots
Stlth    +.........             u - amulet of magic regeneration
HPRegen  0.24/turn              z - ring of protection from fire
MPRegen  0.43/turn              r - +6 ring of dexterity

@: confused
A: high mp 1
a: no special abilities


You were on level 1 of the Lair of Beasts.
You visited 2 branches of the dungeon, and saw 11 of its levels.
You also visited: Sewer and Bailey.

You collected 642 gold pieces.

Inventory:

Hand Weapons
 a - a +0 dagger of venom (weapon)
 b - the +0 hand axe of the Dwarven Hall {vorpal, rC++ Str+2}
   (You found it on level 7 of the Dungeon)

   It inflicts extra damage upon your enemies.
   It affects your strength (+2).
   It greatly protects you from cold.
Missiles
 e - a throwing net
 h - 68 poisoned darts
 E - 6 datura-tipped darts
Armour
 f - a +1 helmet (worn)
 m - a +0 pair of gloves (worn)
 n - a +0 pair of boots (worn)
 w - a +0 cloak (worn)
 J - a +1 robe of positive energy (worn)
Jewellery
 r - a +6 ring of dexterity (right hand)
 u - an amulet of magic regeneration (around neck)
 z - a ring of protection from fire (left hand)
Wands
 o - a wand of flame (72)
 x - a wand of iceblast (10)
 H - a wand of digging (5)
 L - a wand of paralysis (9)
Scrolls
 c - 3 scrolls of enchant weapon
 d - 4 scrolls of remove curse
 j - a scroll of blinking
 q - a scroll of amnesia
 s - a scroll of fog {unknown}
 v - 2 scrolls of fear
 y - 5 scrolls of teleportation
 B - a scroll of immolation
 K - 3 scrolls of enchant armour
Potions
 g - 2 potions of haste
 i - 4 potions of flight
 k - 4 potions of berserk rage
 l - 3 potions of lignification
 p - 3 potions of might
 t - a potion of ambrosia
 A - 2 potions of invisibility
 C - 2 potions of degeneration {unknown}
 D - 2 potions of curing {unknown}
 F - a potion of heal wounds {unknown}
 G - 2 potions of mutation
 I - 2 potions of brilliance {unknown}


   Skills:
 - Level 5.0 Fighting
 - Level 5.0 Dodging
 - Level 1.7 Stealth
 - Level 5.0 Spellcasting
 + Level 5.0 Conjurations
 + Level 0.1 Hexes
 - Level 5.0 Necromancy
 - Level 10.0 Air Magic
 - Level 5.0 Poison Magic
 - Level 5.0 Evocations


You had 3 spell levels left.
You knew the following spells:

 Your Spells              Type           Power        Failure   Level
a - Shock                 Conj/Air       ####         1%          1
b - Swiftness             Air            ######..     1%          2
c - Static Discharge      Conj/Air       #####...     1%          3
d - Vampiric Draining     Necr           ####......   3%          3
e - Airstrike             Air            ######....   1%          4
f - Fulminant Prism       Conj/Hex       ###.......   28%         4

Your spell library contained the following spells:

 Spells                   Type           Power        Failure   Level
 Animate Skeleton         Necr           ####..       1%          1
 Magic Dart               Conj           ####         1%          1
 Pain                     Necr           ####         1%          1
 Searing Ray              Conj           ####..       1%          2
 Sublimation of Blood     Necr           ####......   1%          2
 Mephitic Cloud           Conj/Pois/Air  #####...     1%          3
 Apportation              Tloc           #.....       9%          1
 Dazzling Flash           Conj/Hex       ###...       9%          3
 Lesser Beckoning         Tloc           #.........   24%         3
 Tukima's Dance           Hex            #.......     24%         3
 Animate Dead             Necr           ####......   11%         4
 Lightning Bolt           Conj/Air       #####.....   11%         5
 Iskenderun's Mystic Bla  Conj/Tloc      ###.....     28%         4
 Agony                    Necr           ####....     28%         5
 Alistair's Intoxication  Tmut/Pois      ###......    63%         5
 Death Channel            Necr           ####......   85%         6
 Invisibility             Hex            #.......     100%        6
 Chain Lightning          Conj/Air       #####.....   100%        8
 Lehudib's Crystal Spear  Conj/Erth      ###.......   100%        8
 Absolute Zero            Ice            #.........   100%        9
 Fire Storm               Conj/Fire      ###.......   100%        9


Dungeon Overview and Level Annotations

Branches:
Dungeon (10/15)            Temple (0/1) D:5            Lair (1/6) D:8
    Orc (0/2) D:10          Sewer (visited)          Bailey (visited)

Shops:
D:4 [   D:9 ?

Annotations:
D:10 exclusion: cyclops


Innate Abilities, Weirdness & Mutations

You have an increased reservoir of magic. (+10% MP)


Message History

* * * LOW HITPOINT WARNING * * *
The basilisk bites you but does no damage.
The basilisk hisses menacingly.
The basilisk bites you!!
* * * LOW HITPOINT WARNING * * *
The basilisk gazes at you. x2
You easily resist.
The basilisk bites you!
* * * LOW HITPOINT WARNING * * *
You turn to flesh and can move again.
Okay, then.
Okay, then.
Press: ? - help, v - describe, . - travel
Here: a basilisk (heavily wounded, poisoned)
A staircase back to the Dungeon, spattered with blood.
Unknown command.
Okay, then.
You are confused.
You feel invigorated. The basilisk bites you!
You die...

...#....#
..#....
......
###....
......
#...#
#...# #.#
#@# #l#
#†# #.#
#.. ...
.... ###.
..


You could see a basilisk (poisoned).

Vanquished Creatures
  An orc knight (D:7)
  2 gargoyles (D:10)
  3 wyverns (D:8)
  2 basilisks
  21 yaks
  Edmund (D:6)
  3 water moccasins
  4 sky beasts
  2 ogres
  6 orc warriors
  2 ice beasts (D:7)
  A phantom (D:8)
  A black bear (D:9)
  A necrophage (D:8)
  9 centaurs
  2 big kobolds (D:8)
  7 bullfrogs
  A wyvern zombie (D:8)
  A scorpion (D:10)
  14 wights
  An electric eel (D:6)
  2 howler monkeys (D:7)
  6 hounds
  3 orc wizards
  4 orc priests
  A bullfrog skeleton (D:4)
  A gnoll shaman (D:10)
  A jelly (D:5)
  4 centaur skeletons
  7 iguanas
  6 worker ants
  A hound zombie (D:5)
  A hound skeleton (D:10)
  2 worker ant zombies (D:5)
  Robin (D:3)
  5 adders
  15 gnolls
  A howler monkey skeleton (D:10)
  A river rat (D:6)
  2 shadow imps
  2 white imps (D:5)
  An ufetubus (D:9)
  An ooze (D:6)
  An adder skeleton (D:6)
  2 adder zombies
  7 worms
  3 dart slugs
  5 leopard geckos
  38 orcs
  3 bats
  6 giant cockroaches
  14 goblins
  15 hobgoblins
  10 jackals
  3 quokkas
  3 ball pythons
  5 frilled lizards
  32 kobolds
  7 rats
307 creatures vanquished.

Vanquished Creatures (others)
  3 fungi (D:8)
  24 plants
27 creatures vanquished.

Grand Total: 334 creatures vanquished

Notes
Turn   | Place    | Note
-------+----------+-------------------------------------------
     0 | D:1      | sahdkjhfkaj the Demigod Air Elementalist began the quest
                  | for the Orb.
     0 | D:1      | Reached XP level 1. HP: 14/14 MP: 5/5
    14 | D:1      | Reached skill level 1 in Conjurations
   368 | D:1      | Reached XP level 2. HP: 20/20 MP: 2/7
   377 | D:1      | Learned a level 2 spell: Swiftness
  1353 | D:2      | Reached XP level 3. HP: 21/26 MP: 0/8
  1618 | D:2      | Found a faded altar of an unknown god.
  1792 | D:2      | Learned a level 3 spell: Static Discharge
  2398 | D:3      | Reached XP level 4. HP: 33/33 MP: 5/11
  2626 | D:3      | Reached skill level 3 in Air Magic
  2771 | D:3      | Learned a level 3 spell: Vampiric Draining
  2848 | D:3      | Noticed Robin
  2870 | D:3      | Reached skill level 1 in Fighting
  3228 | D:3      | Killed Robin
  3975 | D:4      | Noticed an ogre
  4019 | D:3      | Killed an ogre
  4020 | D:3      | Reached XP level 5. HP: 27/45 MP: 6/12
  4459 | D:4      | Reached skill level 1 in Necromancy
  4459 | D:4      | Reached XP level 6. HP: 31/51 MP: 4/13
  5233 | D:4      | Found Gewkosen's Antique Armour Boutique.
  5332 | D:4      | Reached XP level 7. HP: 23/57 MP: 3/14
  5509 | D:4      | Found a blossoming altar of Fedhas.
  5736 | D:5      | Entered Level 5 of the Dungeon
  5750 | D:5      | Reached skill level 4 in Air Magic
  6325 | D:5      | Reached skill level 5 in Air Magic
  6570 | D:5      | Found a staircase to the Ecumenical Temple.
  7360 | D:6      | Reached skill level 5 in Necromancy
  7398 | D:6      | Reached XP level 8. HP: 41/63 MP: 11/15
  7809 | D:6      | Found a glowing drain.
  7826 | Sewer    | Entered a sewer
  7832 | Sewer    | Learned a level 4 spell: Airstrike
  8077 | D:6      | Noticed Edmund
  8128 | D:6      | Killed Edmund
  8129 | D:6      | Reached skill level 5 in Dodging
  8670 | D:7      | Found a glowing golden altar of the Shining One.
  8707 | D:7      | Found a flagged portal.
  8715 | D:7      | Got a polished hand axe
  8732 | D:7      | Reached skill level 5 in Fighting
  8749 | Bailey   | Entered a bailey
  9329 | Bailey   | Noticed an orc knight
  9461 | D:7      | Found a snail-covered altar of Cheibriados.
  9716 | D:7      | Reached skill level 6 in Air Magic
 10063 | D:5      | Reached XP level 9. HP: 74/74 MP: 7/16
 10285 | D:7      | Reached skill level 7 in Air Magic
 11032 | D:7      | Noticed a green death
 11033 | D:7      | Found a burning altar of Makhleb.
 11035 | D:7      | Found a glowing silver altar of Zin.
 11036 | D:7      | Noticed an angel
 11526 | D:7      | Killed an orc knight
 11527 | D:7      | Reached skill level 8 in Air Magic
 11593 | D:7      | Identified a scroll of acquirement
 11596 | D:7      | Identified the cursed +0 hand axe of the Dwarven Hall
                  | {vorpal, rC++ Str+2} (You found it on level 7 of the
                  | Dungeon)
 11599 | D:7      | Acquired the Reference Book on Excruciating Evil
 11820 | D:8      | Reached skill level 9 in Air Magic
 11842 | D:8      | Found a staircase to the Lair.
 12433 | D:8      | Reached skill level 10 in Air Magic
 12519 | D:8      | Reached skill level 1 in Poison Magic
 12519 | D:8      | Reached XP level 10. HP: 81/81 MP: 8/17
 12588 | D:8      | Found a sacrificial altar of Ru.
 12595 | D:8      | Found a basalt altar of Yredelemnul.
 12612 | D:8      | Found a stormy altar of Qazlal.
 13721 | D:9      | Found a blossoming altar of Fedhas.
 13764 | D:9      | Reached skill level 5 in Conjurations
 14276 | D:9      | Reached skill level 5 in Poison Magic
 14425 | D:9      | Reached skill level 1 in Evocations
 14592 | D:9      | Found Oremuumn's Magic Scroll Shoppe.
 15022 | D:10     | Entered Level 10 of the Dungeon
 15329 | D:10     | Found a staircase to the Orcish Mines.
 15736 | D:10     | Learned a level 4 spell: Fulminant Prism
 15784 | D:10     | Noticed a cyclops
 15853 | Lair:1   | Entered Level 1 of the Lair of Beasts
 15879 | Lair:1   | Reached skill level 5 in Spellcasting
 15879 | Lair:1   | Reached XP level 11. HP: 25/86 MP: 6/22
 16273 | Lair:1   | Reached skill level 5 in Evocations
 16285 | Lair:1   | HP: 3/86 [basilisk (7)]
 16286 | Lair:1   | Slain by a basilisk

Illustrated notes

Levels and vault maps discovered:
D:1:      dpeg_arrival_simpleton_b, layout_loops_ring
D:2:      layout_basic, chequers_ecumenical_altar_simple
D:3:      kb_forest_paths, layout_basic, uniq_robin
D:4:      layout_gridville, serial_shops, nicolae_shop_overgrown_old_shop,
          fedhas_bush_and_centaur_altar
D:5:      layout_basic, temple_hall, minivault_4
D:6:      layout_loops_cross, gup_sewer_entry_bubbles,
          kennysheep_big_empty_room, uniq_edmund
D:7:      layout_basic, grunt_temple_overflow_order_and_chaos_2,
          cheibrodos_worm_habitat, overflow_temple_1_default, enter_bailey_2
D:8:      layout_cave_pools, grunt_temple_overflow_open, minmay_lair_entry_grove
D:9:      layout_basic, lemuel_doored_altar, serial_shops, shop
D:10:     hangedman_cross_cluster, layout_basic, minmay_orc_entry_temple_small,
          uniq_josephine, uniq_psyche
Lair:1:   layout_misc_corridors, uniq_erica

Skill      XL: |  1  2  3  4  5  6  7  8  9 10 11 |
---------------+----------------------------------+-----
Conjurations   | 2 3 5 |  5.0
Spellcasting   | 2 3 5 |  5.0
Air Magic      | 3 5 6 10 | 10.0
Fighting       | 3 5 |  5.0
Dodging        | 2 3 5 |  5.0
Necromancy     | 1 3 5 |  5.0
Poison Magic   | 1 5 |  5.0
Evocations     | 3 5 |  5.0
Stealth        | |  1.7
Hexes          | |  0.1

Action                   |  1- 3 |  4- 6 |  7- 9 | 10-12 || total
-------------------------+-------+-------+-------+-------++-------
Melee: Unarmed           |    12 |    16 |       |       ||    28
       Staff             |       |       |     9 |       ||     9
       Hand axe          |       |       |    12 |    24 ||    36
       Dagger            |       |       |       |    23 ||    23
Throw: Dart              |       |     3 |       |       ||     3
 Cast: Shock             |   107 |   154 |   197 |    71 ||   529
       Swiftness         |       |     1 |     3 |       ||     4
       Static Discharge  |       |     5 |     3 |       ||     8
       Airstrike         |       |       |   119 |   127 ||   246
       Vampiric Draining |       |       |     2 |       ||     2
  Use: Scroll            |     4 |     4 |    13 |     2 ||    23
       Potion            |       |       |       |     1 ||     1
Armor: Robe              |    10 |    16 |    38 |    27 ||    91
Dodge: Dodged            |    31 |    59 |   135 |   127 ||   352

Table legend: (Time is in decaauts)
 A = Elapsed time spent in this place.
 B = Non-inter-level travel time spent in this place.
 C = Inter-level travel time spent in this place.
 D = Time resting spent in this place.
 E = Time spent auto-exploring this place.
 F = Levels seen in this place.
 G = Mean time per level.
                   A        B        C        D        E       F      G
               +--------+--------+--------+--------+--------+-----+--------+
         Total |  16319 |  15638 |    681 |   1166 |  12196 |  13 | 1255.3 |
       Dungeon |  15296 |  14615 |    681 |    980 |  11730 |  10 | 1529.6 |
          Lair |     70 |     70 |      0 |      0 |      0 |   1 |   70.0 |
         Sewer |    248 |    248 |      0 |      0 |    208 |   1 |  248.0 |
        Bailey |    703 |    703 |      0 |    186 |    258 |   1 |  703.0 |
               +--------+--------+--------+--------+--------+-----+--------+

Top non-repeatable levels by time:
     D:7: 2428 daAuts
     D:9: 2128 daAuts
     D:3: 2055 daAuts
     D:5: 1689 daAuts
     D:4: 1539 daAuts
     D:8: 1512 daAuts
     D:1: 1244 daAuts
     D:6: 1193 daAuts
     D:2: 893 daAuts
  Bailey: 703 daAuts
    D:10: 612 daAuts
   Sewer: 248 daAuts
  Lair:1: 70 daAuts
